 Dungeon Crawl Stone Soup version 0.27.1-4-g1640c2035a (webtiles) character file.

Game seed: 13398012246091723166

5883 jjjjhere the Frost Mage (level 10, -8/50 HPs)
             Began as a Gargoyle Ice Elementalist on Nov 15, 2021.
             Was a Priest of Sif Muna.
             Killed from afar by a rime drake (18 damage)
             ... with a flash freeze
             ... on level 1 of the Lair of Beasts on Nov 16, 2021.
             The game lasted 00:23:02 (10657 turns).

jjjjhere the Frost Mage (GrIE)                     Turns: 10657, Time: 00:23:03

Health: -8/50      AC: 21    Str: 11    XL:     10   Next: 82%
Magic:  20/23      EV: 10    Int: 20    God:    Sif Muna [***...]
Gold:   273        SH:  0    Dex: 10    Spells: 16/27 levels left

rFire    . . .     SeeInvis .   b - +0 hunting sling (flame)
rCold    . . .     Faith    .   (no shield)
rNeg     + . .     Spirit   .   L - +1 swamp dragon scales
rPois    ∞         Reflect  .   h - +2 helmet
rElec    +         Harm     .   p - +1 cloak
rCorr    +         Rampage  .   e - +0 pair of gloves
Will     .....                  (no boots)
Stlth    +.........             (no amulet)
HPRegen  0.16/turn              x - ring of resist corrosion
MPRegen  0.18/turn              (no ring)

@: hasted, very quick
A: sickness immunity, AC +7, negative energy resistance 1, electricity
resistance, torment resistance 1, petrification resistance
a: Renounce Religion, Channel Magic, Forget Spell


You were on level 1 of the Lair of Beasts.
You worshipped Sif Muna.
Sif Muna was most pleased with you.
You visited 2 branches of the dungeon, and saw 9 of its levels.

You collected 426 gold pieces.
You spent 153 gold pieces at shops.

Inventory:

Hand Weapons
 a - a +0 whip of venom
 b - a +0 hunting sling of flaming (weapon)
 r - a +0 dagger of speed
 u - a +2 whip of electrocution
Missiles
 o - 105 stones (quivered ammo)
Armour
 e - a +0 pair of gloves (worn)
 h - a +2 helmet (worn)
 p - a +1 cloak (worn)
 v - a +2 robe of resistance
 L - +1 swamp dragon scales (worn)
Jewellery
 d - an amulet of guardian spirit
 x - a ring of resist corrosion (left hand)
 y - a ring of fire
Wands
 j - a wand of acid (16)
 t - a wand of iceblast (10)
 w - a wand of mindburst (41)
 H - a wand of digging (4)
 K - a wand of polymorph (7)
Scrolls
 c - 2 scrolls of vulnerability {unknown}
 f - 2 scrolls of teleportation
 l - 3 scrolls of acquirement {unknown}
 q - a scroll of fear
 s - a scroll of enchant armour {unknown}
 z - a scroll of amnesia
 E - a scroll of enchant weapon {unknown}
 F - a scroll of brand weapon
 J - a scroll of holy word {unknown}
Potions
 g - a potion of haste
 i - 2 potions of flight
 k - a potion of ambrosia {unknown}
 n - 2 potions of curing
 C - a potion of cancellation {unknown}
 D - 2 potions of brilliance
 G - a potion of mutation {unknown}
 I - a potion of lignification {unknown}
Miscellaneous
 m - a lightning rod (4/4)


   Skills:
 - Level 1.5 Dodging
 - Level 2.1 Stealth
 + Level 9.1 Spellcasting
 + Level 8.9 Conjurations
 + Level 10.4 Ice Magic


You had 16 spell levels left.
You knew the following spells:

 Your Spells              Type           Power      Damage    Failure   Level
a - Freeze                Ice            100%       1d11      1%          1
b - Frozen Ramparts       Ice            100%       1d12      1%          3
c - Hailstorm             Conj/Ice       48%        3d11      3%          4
d - Ozocubu's Armour      Ice            50%        N/A       1%          3

Your spell library contained the following spells:

 Spells                   Type           Power      Damage    Failure   Level
 Foxfire                  Conj/Fire      100%       2x1d9     3%          1
 Conjure Flame            Conj/Fire      27%        6-21      9%          3
 Beastly Appendage        Tmut           18%        N/A       19%         1
 Summon Small Mammal      Summ           36%        N/A       19%         1
 Wereblood                Tmut           9%         N/A       28%         2
 Call Canine Familiar     Summ           9%         N/A       50%         3
 Inner Flame              Hex/Fire       9%         N/A       50%         3
 Spider Form              Tmut/Pois      4%         N/A       50%         3
 Summon Guardian Golem    Hex/Summ       9%         N/A       50%         3
 Summon Forest            Summ/Tloc      4%         N/A       99%         5
 Eringya's Noxious Bog    Tmut/Pois      4%         N/A       100%        6
 Summon Hydra             Summ           4%         N/A       100%        7


Dungeon Overview and Level Annotations

Branches:
Dungeon (8/15)             Temple (0/1) D:6            Lair (1/6) D:8

Altars:
Dithmenos
Elyvilon
Fedhas
Gozag
Kikubaaqudgha
Qazlal
Ru
Sif Muna
Wu Jian

Shops:
D:6 ?

Annotations:
D:5 Menkaure


Innate Abilities, Weirdness & Mutations

You are immune to sickness and miasma.
Your stone body is resilient. (AC +7)
You are immune to poison.
You resist negative energy. (rN+)
You are resistant to electric shocks. (rElec)
You are resistant to unholy torment.
You are immune to petrification.


Message History

The rime drake resists.
The wall freezes the rime drake.
The rime drake breathes ice at you. The flash freeze hits you!!
* * * LOW HITPOINT WARNING * * *
You are encased in ice.
Fire: 106 stones
Press: ? - help, Q - select action, (/) - cycle Shift-Dir - straight line, f/p - rime drake
Aim: a rime drake (moderately wounded, catching its breath, 45% to hit)
You shoot a stone. The stone barely misses the rime drake.
As you read the scroll of fear, it crumbles to dust.
You assume a fearsome visage.
The four-headed hydra looks frightened!
The wall freezes the four-headed hydra!
Your attack snaps the four-headed hydra out of its fear.
The four-headed hydra bites you.
* * * LOW HITPOINT WARNING * * *
The four-headed hydra bites you.
* * * LOW HITPOINT WARNING * * *
The four-headed hydra bites you but does no damage. x2
Blink to where?
Press: ? - help, Dir - move target, p - rime drake Your icy armour and frozen ramparts will break if you move.
Continue?
Your icy armour cracks and falls away as you move.
The frozen ramparts melt away as you move.
As you read the scroll of blinking, it crumbles to dust.
The ice encasing you melts away.
You feel much better.
You feel yourself speed up. The rime drake breathes ice at you.
The flash freeze hits you!!
* * * LOW HITPOINT WARNING * * *
You are encased in ice.
Okay, then.
You start putting on your amulet.
You continue putting on your amulet of guardian spirit. x2
The ice encasing you melts away.
You continue putting on your amulet of guardian spirit.
The rime drake breathes ice at you.
Keep equipping yourself?
You stop putting on your amulet.
The flash freeze hits you!!
You die...

#...# #.................#
#...##########................#
#...##......#......###.+###....
#...#PP.....+......#..........#
#....'P.....##.....+......#....
#....#......##.D...#.......(...
#...##......##..k..#......#...# .
#...##.............#......+....
..#...###.###.#.@....#......#....
##....##.#######.....#..... #...#
.......<.............# #....
........................ ......
........................ .......
......................... .......
.##...............####.#+ ###...
. #...............# ## .....
#..##.##.####... ....P


You could see a four-headed hydra and a rime drake (catching breath).

Vanquished Creatures
  Pikel (D:5)
  Maggie (D:8)
  A komodo dragon (Lair:1)
  Prince Ribbit (D:7)
  5 wyverns (D:8)
  2 steam dragons (D:7)
  Edmund (D:5)
  3 water moccasins (D:8)
  2 orc warriors
  2 black bears
  An ice beast (D:5)
  A necrophage (D:4)
  An ogre (D:7)
  2 wolves (D:8)
  2 phantoms
  5 centaurs
  3 lemures (D:5)
  Blork the orc (D:5)
  A kobold brigand (D:6)
  3 bullfrogs
  A water moccasin zombie (D:5)
  A gnoll sergeant (D:8)
  6 scorpions
  A wyvern skeleton (D:5)
  5 killer bees (D:7)
  2 bullfrog zombies
  A centaur zombie (D:5)
  A jelly (D:5)
  3 hounds
  5 orc priests
  A gnoll shaman (D:5)
  Ijyb (D:5)
  5 iguanas
  Terence (D:2)
  2 orc wizards
  A hound zombie (D:5)
  A hound skeleton (D:4)
  Robin (D:2)
  A howler monkey skeleton (D:7)
  6 adders
  14 gnolls
  A white imp (D:7)
  An ufetubus (D:5)
  2 adder skeletons (D:4)
  A worm (D:4)
  A dart slug (D:2)
  11 orcs
  3 endoplasms
  2 giant cockroaches
  15 goblins
  7 hobgoblins
  11 ball pythons
  4 bats
  A frilled lizard (D:2)
  8 kobolds
  A rat (D:1)
  A spectral kobold (D:2)
169 creatures vanquished.

Vanquished Creatures (others)
  12 fungi
  32 plants
44 creatures vanquished.

Grand Total: 213 creatures vanquished

Notes
Turn   | Place    | Note
-------+----------+-------------------------------------------
     0 | D:1      | jjjjhere the Gargoyle Ice Elementalist began the quest for
                  | the Orb.
     0 | D:1      | Reached XP level 1. HP: 10/10 MP: 3/3
   248 | D:1      | Reached XP level 2. HP: 11/15 MP: 1/5
  1021 | D:2      | Found a shimmering blue altar of Sif Muna.
  1034 | D:2      | Became a worshipper of Sif Muna the Loreminder
  1054 | D:2      | Reached XP level 3. HP: 19/19 MP: 3/6
  1145 | D:1      | Learned a level 3 spell: Frozen Ramparts
  1157 | D:2      | Noticed Robin
  1307 | D:2      | Killed Robin
  1318 | D:2      | Noticed Terence
  1413 | D:2      | Killed Terence
  1414 | D:2      | Reached XP level 4. HP: 16/24 MP: 2/8
  1704 | D:2      | Found a faded altar of an unknown god.
  1994 | D:3      | Reached skill level 5 in Ice Magic
  2213 | D:3      | Reached XP level 5. HP: 22/28 MP: 6/10
  2377 | D:3      | Found a sacrificial altar of Ru.
  2763 | D:4      | Found a blossoming altar of Fedhas.
  2766 | D:4      | Found a stormy altar of Qazlal.
  3187 | D:4      | Noticed a necrophage
  3190 | D:4      | Reached * piety under Sif Muna
  3198 | D:4      | Reached XP level 6. HP: 32/32 MP: 6/12
  3213 | D:4      | Killed a necrophage
  3214 | D:4      | Reached skill level 6 in Ice Magic
  3314 | D:4      | Found an ornate altar of the Wu Jian Council.
  3314 | D:4      | Found an ancient bone altar of Kikubaaqudgha.
  3872 | D:4      | Found a shadowy altar of Dithmenos.
  4107 | D:5      | Entered Level 5 of the Dungeon
  4168 | D:5      | Reached XP level 7. HP: 29/36 MP: 10/14
  4248 | D:4      | Learned a level 4 spell: Hailstorm
  4309 | D:4      | Reached skill level 5 in Spellcasting
  4309 | D:4      | Reached skill level 1 in Conjurations
  5136 | D:5      | Noticed Menkaure
  5227 | D:5      | Reached skill level 7 in Ice Magic
  5227 | D:5      | Reached XP level 8. HP: 41/41 MP: 16/16
  5327 | D:5      | Found a white marble altar of Elyvilon.
  5332 | D:5      | Noticed Ijyb
  5372 | D:5      | Killed Ijyb
  5673 | D:5      | Noticed Pikel
  6097 | D:5      | Noticed Blork the orc
  6112 | D:5      | Killed Blork the orc
  6375 | D:5      | Noticed Edmund
  6396 | D:5      | Killed Edmund
  6410 | D:5      | Killed Pikel
  6411 | D:5      | Reached skill level 5 in Conjurations
  6411 | D:5      | Reached skill level 8 in Ice Magic
  6411 | D:5      | Reached XP level 9. HP: 28/45 MP: 5/19
  7308 | D:6      | Reached ** piety under Sif Muna
  7456 | D:6      | Found Tylin's Magic Scroll Shoppe.
  7464 | D:6      | Bought a scroll of blinking for 82 gold pieces
  7464 | D:6      | Bought a scroll of fear for 38 gold pieces
  7464 | D:6      | Bought a scroll of teleportation for 33 gold pieces
  7483 | D:6      | HP: 14/45 [black bear (11)]
  7725 | D:6      | Found a staircase to the Ecumenical Temple.
  7983 | D:7      | Noticed Prince Ribbit
  7988 | D:7      | Killed Prince Ribbit
  7989 | D:7      | Reached skill level 9 in Ice Magic
  8690 | D:7      | Reached XP level 10. HP: 49/50 MP: 9/22
  9452 | D:8      | Reached skill level 10 in Ice Magic
  9586 | D:8      | Found a staircase to the Lair.
  9600 | D:8      | Identified the +1 chain mail of the Sneaky Ziggurats {rF++
                  | rC+ Str-2 Dex+4}
  9635 | D:8      | Found an opulent altar of Gozag.
 10004 | D:8      | Noticed Maggie
 10017 | D:8      | Learned a level 3 spell: Ozocubu's Armour
 10072 | D:8      | Killed Maggie
 10072 | D:8      | Reached *** piety under Sif Muna
 10460 | Lair:1   | Entered Level 1 of the Lair of Beasts
 10622 | Lair:1   | Noticed a four-headed hydra
 10636 | Lair:1   | HP: 11/50 [rime drake/flash freeze (23)]
 10651 | Lair:1   | HP: 9/50 [rime drake/flash freeze (24)]
 10657 | Lair:1   | Killed from afar by a rime drake

Illustrated notes

Levels and vault maps discovered:
D:1:      lightli_molten_gateway, layout_basic
D:2:      layout_rooms, dreamdust_ecumenical_altar_drowned_temple, basic_altar,
          uniq_robin, uniq_terence
D:3:      layout_loops_ring, mainiacjoe_overflow_six_doors_small
D:4:      layout_gridville, grunt_temple_overflow_forces_of_nature,
          gammafunk_temple_overflow_elements,
          nicolae_dithmenos_through_a_glass_darkly, minmay_checkerbox
D:5:      minmay_spotlight, layout_gridville, elyvilon_altar_3, zin_treasury,
          serial_bayou, serial_bayou_ford_a, serial_bayou_pond_e,
          serial_bayou_pond_d, uniq_ijyb, uniq_blork_the_orc, uniq_pikel,
          uniq_menkaure, uniq_edmund
D:6:      layout_cave_pools, minmay_temple_entry_purple_smoke, serial_shops,
          nicolae_diamond_shop
D:7:      kennysheep_steamy, layout_loops_corners, uniq_prince_ribbit1
D:8:      layout_basic, overflow_temple_1_default, minmay_lair_entry_grove,
          uniq_maggie
Lair:1:   layout_regular_city, minmay_shattered_shrine, uniq_harold,
          uniq_gastronok

Skill      XL: |  1  2  3  4  5  6  7  8  9 10 |
---------------+-------------------------------+-----
Spellcasting   | 3 4 5 6 8 9 |  9.1
Ice Magic      | 5 6 7 8 9 10 | 10.4
Conjurations   | 2 5 7 8 |  8.9
Dodging        | |  1.5
Stealth        | |  2.1

Action                   |  1- 3 |  4- 6 |  7- 9 | 10-12 || total
-------------------------+-------+-------+-------+-------++-------
Melee: Dagger            |    11 |     5 |       |       ||    16
 Fire: Hunting sling     |       |    64 |   152 |    41 ||   257
 Cast: Freeze            |    37 |    23 |    35 |    23 ||   118
       Frozen Ramparts   |     4 |    16 |    39 |    17 ||    76
       Hailstorm         |       |       |     5 |     5 ||    10
       Ozocubu's Armour  |       |       |       |     5 ||     5
Evoke: Lightning rod     |       |       |     7 |       ||     7
       Wand              |       |       |     2 |       ||     2
  Use: Scroll            |       |    10 |     2 |     4 ||    16
       Potion            |       |       |       |     2 ||     2
Armor: Robe              |    20 |    35 |    92 |    20 ||   167
       Swamp dragon scal |       |       |       |     7 ||     7
Dodge: Dodged            |    29 |    46 |    84 |    33 ||   192
